AoeStats
← [PSCH] R!ce

African Clearing

505284389Analyzed
3v3 RM · 24d ago on Sep 8, 2026· 26m 43s· 6 players
Game mode
Random Map
Map size
Normal (6 player)
Population
200
Speed
Normal
Resources
Standard
Victory
Conquest
Starting age
Dark Age
Ending age
Imperial Age
RankedLock teamsTeams togetherTeam positionsShared explorationLock speedFull tech treeHidden civsTurbo modeCheats
Victory
Defeat
🇲🇽 Inca · Mexico
1503
+14
🇲🇽 Persians · Mexico
1464
+16
🇨🇴 Teutons · Colombia
1448
+16
🇨🇭 Vikings · Switzerland
1474
-16
🇨🇭 Slavs · Switzerland
1455
-15
🇨🇭 Bulgarians · Switzerland
1447
-15
[PSCH] R!ce
3:48 Loom
12:17 Feudal Age
13:08 Double-Bit Axe
16:13 Fletching
[PSCH] wolverito
4:28 Loom
15:37 Feudal Age
19:59 Castle Age
19:30 Scale Barding Armor
19:33 Double-Bit Axe
20:40 Forging
21:02 Bloodlines
21:32 Husbandry
25:42 Chain Barding Armor
27:10 Iron Casting
[PSCH] Reh
4:50 Loom
12:49 Feudal Age
13:33 Double-Bit Axe
18:11 Scale Barding Armor
20:24 Forging
24:34 Castle Age
22:48 Gold Mining
23:32 Bloodlines
23:58 Horse Collar
25:32 Bow Saw
25:48 Heavy Plow
TaToHciego
12:01 Feudal Age
11:20 Loom
12:31 Town Watch
13:02 Double-Bit Axe
21:10 Scale Barding Armor
22:10 Forging
23:00 Bloodlines
27:29 Castle Age
Mike
3:45 Loom
12:11 Feudal Age
13:07 Double-Bit Axe
21:26 Castle Age
19:33 Horse Collar
19:21 Champi Runner
20:10 Scale Mail Armor
20:22 Gold Mining
21:17 Forging
22:11 Squires
22:01 Champi Warrior
24:04 Chain Mail Armor
25:27 Bow Saw
25:53 Gold Shaft Mining
[MLTS] RKotzen
9:31 Loom
9:37 Loom
12:10 Feudal Age
20:25 Double-Bit Axe
23:18 Fletching
25:38 Horse Collar
29:04 Castle Age
Connection lost

Rejoining the realm…

Still unreachable

The connection could not be restored.

Session expired

The server has moved on; the page needs a fresh start.